 Dungeon Crawl Stone Soup version 0.18.1-48-g4cf74bf (webtiles) character file.

408 MBI the Pannier (level 6, 0/30 HPs)
             Began as a Spriggan Artificer on July 5, 2016.
             Was an Initiate of Nemelex Xobeh.
             Slain by an ice beast (9 damage)
             ... on level 5 of the Dungeon.
             The game lasted 01:02:30 (6261 turns).

MBI the Pannier (Spriggan Artificer)                Turns: 6261, Time: 01:02:37

Health: 0/30       AC:  4    Str:  7    XL:     6   Next: 57%
Magic:  11/11      EV: 21    Int: 14    God:    Nemelex Xobeh [......]
Gold:   123        SH:  0    Dex: 18    Spells: 0 memorised, 5 levels left

rFire  . . .     SeeInvis +     g - +1 short sword (drain)
rCold  . . .     Gourm    .     E - +0 robe
rNeg   . . .     Faith    .     (shield restricted)
rPois  .         Spirit   .     y - +2 hat
rElec  .         Dismiss  .     (no cloak)
rCorr  .         Reflect  .     (gloves unavailable)
SustAt .         Harm     .     (boots unavailable)
MR     +....                    (no amulet)
Stlth  ++++......               (no ring)
                                (no ring)

@: very quick, somewhat resistant to hostile enchantments, stealthy
A: unfitting armour, see invisible, herbivore 3, speed 3, slow metabolism 2
a: Renounce Religion


You were on level 5 of the Dungeon.
You worshipped Nemelex Xobeh.
Nemelex Xobeh was noncommittal.
You were not hungry.

You visited 2 branches of the dungeon, and saw 6 of its levels.

You collected 225 gold pieces.
You spent 102 gold pieces at shops.

Inventory:

Hand Weapons
 a - a +0 short sword
 g - a +1 short sword of draining (weapon)
 p - a +3 mace of venom
 v - a +0 rapier
Missiles
 C - 2 throwing nets (quivered)
Armour
 l - a +1 robe
 y - a +2 hat (worn)
 E - a +0 robe (worn)
Wands
 c - a wand of flame (5/48)
 d - a wand of enslavement (14/24)
 e - a wand of random effects (13/48)
 i - a wand of flame (9/48)
 B - a wand of disintegration (14/24)
Scrolls
 h - 2 scrolls of identify
 o - 3 scrolls of enchant armour
 t - a scroll of magic mapping
 u - a scroll of amnesia
 w - a scroll of random uselessness
 x - a scroll of noise
Potions
 b - 2 potions of degeneration {unknown}
 j - 2 potions of brilliance {unknown}
 k - a potion of resistance
 n - a potion of agility
 q - 2 potions of might {unknown}
 r - 4 potions of curing
 s - a potion of berserk rage {unknown}
Miscellaneous
 A - a plain deck of destruction {drawn: 3}
Comestibles
 f - 2 bread rations
 m - 2 meat rations
 z - 4 chunks of flesh


   Skills:
 + Level 2.3 Fighting
 + Level 2.8 Short Blades
 + Level 5.2 Dodging
 + Level 5.4 Stealth
 + Level 5.9 Evocations


You had 5 spell levels left.
You didn't know any spells.

Dungeon Overview and Level Annotations

Branches:
Dungeon (5/15)             Temple (1/1) D:4

Altars:
Ashenzari
Cheibriados
Dithmenos
Elyvilon
Gozag
Kikubaaqudgha
Makhleb
Nemelex Xobeh
Ru
Sif Muna
Trog
Vehumet
Yredelemnul
Zin

Shops:
D:5 *


Innate Abilities, Weirdness & Mutations

You are tiny and cannot use many weapons and most armour.
You have supernaturally acute eyesight.
You are a herbivore.
You cover ground extremely quickly.
You need consume almost no food.


Message History

Read which item? (? for menu, Esc to quit)
As you read the scroll of remove curse, it crumbles to dust.
You feel as if something is helping you.
There is an open door here.
The ice beast is too close now for your liking.
Keep disrobing? [Y]es or [N]o only, please.
Keep disrobing?
Uppercase [Y]es or [N]o only, please.
Keep disrobing?
Uppercase [Y]es or [N]o only, please.
Keep disrobing?
You start removing your armour.
You continue taking off your +0 robe. x2
The ice beast hits you. The ice beast freezes you!
You continue taking off your +0 robe.
The ice beast hits you.
* * * LOW HITPOINT WARNING * * *
The ice beast freezes you!
You die...
Your body disappears without a glow.

.......... #.#.# ###
.#.####### #.#.#
.#.# #.#.# )#.#
#.#.## .#.# #.#..##
.#.# #.#...#
.#.######### #.#.#'#
.#.#.......# #.#.#∩#
.#.#.......###.#@###
.#.#.......##..Y.#
.#.#.......###.#.#
.#.#...........#.#
.#.#....Y..#####.#
##.#..>....# #.#
...#.......# #.#
......###### #.#
...#..# #.#


You could see an ice beast.

Vanquished Creatures
  A giant frog skeleton (D:5)
  A hound (D:4)
  3 worker ants
  4 adders
  An ooze (D:5)
  4 worms
  2 dart slugs (D:1)
  2 giant geckos
  8 orcs
  4 giant cockroaches
  5 goblins
  12 hobgoblins
  A jackal (D:2)
  2 quokkas (D:4)
  A ball python (D:3)
  9 bats
  A giant gecko zombie (D:5)
  6 giant newts
  A jackal skeleton (D:4)
  13 kobolds
  10 rats
91 creatures vanquished.

Vanquished Creatures (collateral kills)
  Sigmund (D:5)
1 creature vanquished.

Vanquished Creatures (others)
  A goblin (D:1)
1 creature vanquished.

Grand Total: 93 creatures vanquished

Notes
Turn   | Place    | Note
--------------------------------------------------------------
     0 | D:1      | MBI the Spriggan Artificer began the quest for the Orb.
     0 | D:1      | Reached XP level 1. HP: 9/9 MP: 4/4
   419 | D:1      | Reached XP level 2. HP: 7/14 MP: 6/6
  1173 | D:1      | Reached XP level 3. HP: 11/17 MP: 7/7
  2336 | D:2      | Reached skill level 1 in Fighting
  2561 | D:2      | Reached XP level 4. HP: 15/22 MP: 8/8
  3543 | D:3      | Reached skill level 5 in Evocations
  4434 | D:3      | Found a deep blue altar of Sif Muna.
  4732 | D:4      | Reached XP level 5. HP: 25/25 MP: 9/9
  4946 | D:4      | Found a radiant altar of Vehumet.
  5075 | D:4      | Found a staircase to the Ecumenical Temple.
  5362 | Temple   | Entered the Ecumenical Temple
  5553 | Temple   | Became a worshipper of Nemelex Xobeh the Trickster
  5686 | D:3      | Found a radiant altar of Vehumet.
  5867 | D:5      | Entered Level 5 of the Dungeon
  5899 | D:5      | Received a gift from Nemelex Xobeh
  5954 | D:5      | Noticed Sigmund
  5974 | D:5      | Killed Sigmund
  5974 | D:5      | Reached skill level 5 in Dodging
  5974 | D:5      | Reached skill level 5 in Stealth
  5974 | D:5      | Reached XP level 6. HP: 22/30 MP: 11/11
  6226 | D:5      | Noticed an ice beast
  6249 | D:5      | Found Radurr's Assorted Antiques.
  6252 | D:5      | Bought a scroll of remove curse for 102 gold pieces
  6261 | D:5      | Slain by an ice beast

Skill      XL: |  1  2  3  4  5 |
---------------+----------------+-----
Stealth        | 2 3 4 5 |  5.4
Fighting       | 1 2 |  2.3
Dodging        | 4 5 |  5.2
Evocations     | 5 |  5.9
Short Blades   | 2 |  2.8

Action                   |  1- 3 |  4- 6 || total
-------------------------+-------+-------++-------
Melee: Short sword       |   163 |   196 ||   359
       Mace              |    11 |     4 ||    15
Throw: Throwing net      |       |     2 ||     2
Evoke: Wand              |     9 |     4 ||    13
       Deck              |       |     3 ||     3
  Use: Scroll            |     2 |    11 ||    13
       Potion            |       |     2 ||     2
 Stab: Sleeping          |     5 |    15 ||    20
       Distracted        |     1 |     1 ||     2
  Eat: Bread ration      |       |     1 ||     1
Armor: Robe              |    10 |    16 ||    26
Dodge: Dodged            |   167 |   172 ||   339
